 Dungeon Crawl Stone Soup version 0.17.0-26-gececa24 (webtiles) character file.

398905 HungrySpirit the Crack Shot (level 22, -1/204 HPs)
             Began as a Centaur Arcane Marksman on Nov 18, 2015.
             Was a High Priest of Okawaru.
             Killed from afar by a lich (81 damage)
             ... with a crystal spear
             ... on level 4 of the Depths on Nov 19, 2015.
             The game lasted 03:51:07 (86439 turns).

HungrySpirit the Crack Shot (CeAM)                 Turns: 86439, Time: 03:51:08

Health: -1/204     AC: 30    Str: 23    XL:     22   Next: 24%
Magic:  32/32      EV:  8    Int: 15    God:    Okawaru [*****.]
Gold:   1413       SH:  0    Dex: 11    Spells: 0 memorised, 23 levels left

rFire  + + +     SeeInvis +     a - +7 longbow (flame)
rCold  + . .     Clarity  +     g - +3 fire dragon armour
rNeg   . . .     SustAt   .     (shield currently unavailable)
rPois  +         Gourm    .     j - +1 hat {Int+3}
rElec  +         Spirit   .     F - +1 cloak {rPois}
rCorr  .         Warding  .     K - +0 pair of gloves "Hoqedid" {*Drain MP+9 Str+3 SInv} (curse)
rMut   .         Stasis   .     J - +0 centaur barding {rF+}
MR     ++...                    D - amulet of Hard Scrabble {Faith *Contam rF+ rC+ MR+}
Stlth  ..........               n - +3 ring of slaying
                                r - ring of protection from cold

@: about to teleport, heroism, very quick, very resistant to hostile
enchantments, extremely unstealthy
A: hooves 3, clarity, deformed body, speed 2, electricity resistance, tough skin
3, weak 1
a: Heroism, Finesse, Renounce Religion
}: 2/15 runes: serpentine, barnacled


You were on level 4 of the Depths.
You worshipped Okawaru.
Okawaru was extremely pleased with you.
You were very hungry.

You visited 9 branches of the dungeon, and saw 46 of its levels.
You also visited: Trove and Ice Cave.

You collected 4652 gold pieces.
You spent 3239 gold pieces at shops.

Inventory:

Hand Weapons
 a - a +7 longbow of flaming (weapon)
 N - a +1 dire flail of electrocution
Missiles
 b - 25 arrows of dispersal
 p - 308 arrows (quivered)
 q - 108 poisoned arrows
 S - 70 arrows of flame
 T - 60 arrows of frost
Armour
 g - a +3 fire dragon armour (worn)
 j - a +1 hat of intelligence (worn)
 F - a +1 cloak of poison resistance (worn)
 J - a +0 centaur barding of fire resistance (worn)
 K - the cursed +0 pair of gloves "Hoqedid" (worn) {*Drain MP+9 Str+3 SInv}
   (You found it on level 3 of the Vaults)

   It affects your strength (+3).
   It affects your magic capacity (+9).
   It lets you see invisible.
   It causes draining when unequipped.
   It has a curse placed upon it.
 X - a +2 centaur barding of flying
Jewellery
 h - an uncursed ring of teleportation
 n - a +3 ring of slaying (right hand)
 r - a ring of protection from cold (left hand)
 y - an uncursed ring of protection from fire
 z - an uncursed amulet of resist mutation
 D - the amulet of Hard Scrabble (around neck) {Faith *Contam rF+ rC+ MR+}
   (You found it on level 4 of the Shoals)

   [amulet of faith]

   It allows you to gain divine favour quickly.
   It protects you from fire.
   It protects you from cold.
   It affects your resistance to hostile enchantments.
   It causes magical contamination when unequipped.
Wands
 u - a wand of teleportation (5)
 A - a wand of heal wounds (8)
 R - a wand of disintegration (14)
 V - a wand of digging (4)
Scrolls
 f - a scroll of fog
 i - 20 scrolls of remove curse
 m - 6 scrolls of recharging
 t - a scroll of holy word
 x - 4 scrolls of fear
 G - 11 scrolls of amnesia
 I - 13 scrolls of identify
 L - 3 scrolls of summoning
 Z - 2 scrolls of enchant armour
Potions
 d - a potion of heal wounds
 l - 4 potions of magic
 o - 7 potions of might
 s - 5 potions of haste
 C - 2 potions of cancellation
 E - 9 potions of curing
 H - 4 potions of agility
 P - 5 potions of cure mutation
 Q - a potion of invisibility
 W - 5 potions of resistance
 Y - a potion of brilliance
Comestibles
 e - 28 bread rations
 v - 6 meat rations
 w - a royal jelly
 B - 3 beef jerkies


   Skills:
 + Level 18.8(23.8) Fighting
   Level 2.0(7.0) Short Blades
 - Level 18.0(23.0) Maces & Flails
 * Level 25.3(27) Bows
 + Level 14.8(19.8) Armour
 - Level 1.3(6.3) Dodging
   Level 6.0(11.0) Shields
 - Level 1.0 Spellcasting
   Level 2.6 Hexes


You had 23 spell levels left.
You didn't know any spells.

Dungeon Overview and Level Annotations

Branches:
Dungeon (15/15)            Temple (1/1) D:4            Lair (8/8) D:11
 Shoals (4/4) Lair:6        Snake (4/4) Lair:4        Slime (0/6) Lair:7
    Orc (4/4) D:12            Elf (2/3) Orc:4        Vaults (4/5) D:13
  Crypt (0/3) Vaults:3     Depths (4/5) D:15

Altars:
Ashenzari
Cheibriados
Dithmenos
Elyvilon
Fedhas
Gozag
Kikubaaqudgha
Makhleb
Okawaru
Qazlal
Ru
Sif Muna
Trog
Vehumet
Xom
Yredelemnul
Zin
Beogh

Shops:
D:4 :   D:7 [   D:12 [(   Orc:4 (!:(?   Elf:1 =   Elf:2 *   Shoals:2 (
Snake:1 }   Snake:3 [}}%   Vaults:2 *   Depths:2 =

Portals:
Hell: Depths:1 Depths:2
Abyss: Depths:1 Depths:4
Pandemonium: Depths:1 Depths:2

Annotations:
D:7 chonchonts's ghost, novice MiFi
Orc:2 Gravenous's ghost, journeyman OpIE
Elf:2 3 runed doors
Depths:1 3 runed doors


Innate Abilities, Weirdness & Mutations

You have hooves in place of feet.
Armour fits poorly on your strangely shaped body.
You cover ground very quickly.
You have extremely tough skin (AC +3).
You possess an exceptional clarity of mind.
You are resistant to electric shocks.
You are weak. (Str -2)


Message History

Eat which item? (? for menu, Esc to quit)
You are near starving!
The lich gestures at you while chanting.
You feel haunted.
The phantasmal warrior barely misses you.
The wraith hits you but does no damage. The hungry ghost hits you.
You are starving!
The hungry ghost hits you.
You feel somewhat more hungry.
Mmm - a full handful of almonds!
Unknown command.
Unknown command.
Unknown command.
Eat which item? (? for menu, Esc to quit)
You are feeling very hungry.
The lich gestures at you while chanting.
The iron shot hits you!
The phantasmal warrior hits you but does no damage.
The lich points at you and mumbles some strange words.
The crystal spear hits you!
You die...

##. #..#.....#.......##
#...#..#.###.###..#####
..i.#..#.###.#........#
......#.#.......#..#.#
###((..#.####..#.#..#.#
.....(.#.........#..#.#
.....L.###########.....
########L##.## # #######
.....WW@W...#.. .......
###.#.WWW##.#.# #######
.....#W#.##.#.########..
.#.....(...<.........#.#
#.......##.#...........
######.....#.######.#.#
........#....<........
#######.#...#.####.#..
..........#.# #.###


You could see a lich, a shadow wraith (invisible), 3 phantasmal warriors, 2
hungry ghosts and a wraith.

Vanquished Creatures
  Sojobo (Vaults:4)
  Vashnia (Snake:4)
  A lich (Depths:2)
  A titan (Depths:4)
  2 sphinxes (Vaults:4)
  A kraken (Shoals:4)
  2 tengu reavers (Vaults:4)
  7 greater nagas
  Ilsuiw (Shoals:4)
  Wiglaf (Depths:2)
  5 vault wardens
  2 fire giants
  4 frost giants
  Louise (D:15)
  3 orc warlords
  A reaper (Depths:2)
  19 stone giants
  4 very ugly things
  13 ironheart preservers
  2 war gargoyles (Vaults:4)
  4 vampire knights
  A salamander stormcaller (Vaults:3)
  A deep elf annihilator (Elf:2)
  7 ettins
  A deep elf death mage (Elf:1)
  Snorg (Orc:3)
  7 merfolk javelineers
  2 blizzard demons (IceCv)
  7 vault guards
  6 merfolk impalers
  2 jiangshi (Depths:2)
  6 fire dragons
  9 yaktaur captains
  10 ice dragons
  9 hydras
  7 great orbs of eyes
  A deep elf high priest (Elf:1)
  A rakshasa (Depths:2)
  4 entropy weavers
  A hell beast (Depths:1)
  5 merfolk avatars
  18 naga warriors
  A spriggan air mage (Depths:2)
  4 alligator snapping turtles
  7 merfolk aquamancers
  A satyr (Shoals:4)
  18 centaur warriors
  10 ogre magi
  10 anacondas
  4 death yaks (Lair:8)
  7 tengu warriors
  A vampire mage (Depths:2)
  A queen ant (Lair:2)
  7 deep troll earth magi
  5 deep troll shamans
  Urug (D:10)
  14 naga sharpshooters
  2 fire crabs
  14 deep elf knights
  10 shock serpents
  4 orc high priests (Orc:4)
  Sonja (Lair:1)
  Nergalle (Orc:2)
  A fire crab (shapeshifter) (Vaults:1)
  The ghost of fotsohgehT the Cleaver, a novice MiMo of Okawaru (D:10)
  5 ice devils (IceCv)
  4 salamander mystics
  7 skeletal warriors (Vaults:1)
  13 deep trolls
  5 flayed ghosts
  17 sea snakes
  5 naga ritualists
  8 deep elf summoners
  11 ironbrand convokers
  A shadow wraith (Vaults:2)
  4 unseen horrors
  2 phantasmal warriors (Depths:2)
  An orange crystal statue (Vaults:4)
  8 hill giants
  A lindwurm (shapeshifter) (Vaults:2)
  10 harpies
  13 mana vipers
  20 orc knights
  5 wizards
  An oklob plant (Lair:7)
  3 necromancers
  9 griffons
  A wolf spider zombie (D:13)
  4 wolf spiders
  13 deep elf conjurers
  38 ugly things
  3 fauns (Shoals:3)
  A stone giant zombie (Vaults:4)
  7 orc sorcerers
  3 hornets
  6 cyclopes
  13 manticores
  A rust devil (Depths:1)
  12 sirens
  6 water nymphs
  17 salamanders
  8 guardian serpents
  11 elephants
  22 naga magi
  2 ice statues (IceCv)
  13 vault sentinels
  A spiny frog (shapeshifter) (Elf:2)
  19 spiny frogs
  3 kobold demonologists
  37 black mambas
  7 komodo dragons
  A komodo dragon (shapeshifter) (Elf:2)
  An orange demon (Depths:2)
  3 fire drakes
  18 yaktaurs
  A hellwing (Depths:2)
  2 efreet
  12 trolls
  A red devil (Depths:1)
  12 deep elf priests
  A jumping spider (shapeshifter) (Depths:2)
  9 blue devils
  A spriggan druid (Lair:8)
  39 merfolk
  2 wind drakes (Shoals:3)
  A fire drake (shapeshifter) (D:15)
  A queen bee (shapeshifter) (Vaults:4)
  11 polar bears
  2 raiju (Depths:3)
  A tengu conjurer (Shoals:1)
  Prince Ribbit (D:8)
  8 snapping turtles
  15 two-headed ogres
  29 blink frogs
  6 freezing wraiths
  6 boulder beetles
  A stone giant simulacrum (Vaults:4)
  2 jumping spiders
  27 slime creatures
  A blink frog (shapeshifter) (D:13)
  A trapdoor spider zombie (D:13)
  2 shadows (D:14)
  3 tarantellas
  4 flying skulls (Depths:1)
  10 deep elf magi
  A trapdoor spider (D:14)
  22 redbacks
  11 water elementals
  5 wraiths
  3 air elementals (Depths:2)
  3 basilisks
  19 humans (D:13)
  A centaur simulacrum (D:14)
  5 wyverns
  16 vampire mosquitoes
  16 spriggans
  70 yaks
  11 deep elf fighters
  3 hungry ghosts
  A vampire (D:13)
  10 swamp worms (Lair:3)
  30 wolves
  11 wargs
  10 hippogriffs
  A mottled dragon (Vaults:2)
  22 water moccasins
  56 nagas
  3 soldier ants (Lair:2)
  A soldier ant (shapeshifter) (Vaults:3)
  3 hell hounds
  15 porcupines
  A trapdoor spider simulacrum (D:14)
  3 black bears
  3 sky beasts
  14 ice beasts
  A black bear (shapeshifter) (D:14)
  4 boggarts
  37 ogres
  12 centaurs
  31 orc warriors
  A phantom (D:8)
  An eye of draining (D:12)
  A human skeleton (Vaults:4)
  4 wasps
  2 elf zombies (D:4)
  17 big kobolds
  18 crocodiles
  22 giant frogs
  A brain worm (Lair:8)
  An elf skeleton (D:4)
  A wyvern zombie (D:9)
  A wyvern skeleton (D:12)
  11 killer bees
  4 scorpions
  9 wights
  3 centaur zombies
  9 crimson imps
  11 electric eels
  30 orc priests
  A human zombie (D:4)
  30 orc wizards
  9 iguanas
  2 lava snakes (D:13)
  A yaktaur simulacrum (Depths:1)
  A giant frog skeleton (D:11)
  A wyvern simulacrum (D:14)
  5 hounds
  6 centaur skeletons
  37 worker ants
  15 sheep
  A hound zombie (D:6)
  12 gnolls
  62 river rats
  12 adders
  15 white imps
  A shadow imp (D:6)
  5 ufetubi
  An adder zombie (D:8)
  15 worms
  An adder skeleton (D:7)
  4 giant geckos
  168 orcs
  A ball python (D:1)
  12 giant cockroaches
  9 goblins
  5 hobgoblins
  21 jackals
  23 kobolds
  5 quokkas
  9 bats
  6 giant newts
  A jackal zombie (D:7)
  2 orc zombies (D:4)
  A quokka skeleton (D:5)
  A quokka zombie (D:5)
  11 rats
  A spectral orc (D:8)
  A fire vortex (Vaults:3)
  6 fungi
  7 plants
  2 tentacles (Shoals:4)
2074 creatures vanquished.

Vanquished Creatures (collateral kills)
  A giant frog skeleton (D:8)
  A worker ant (D:8)
  An adder (D:8)
  An orc (D:8)
4 creatures vanquished.

Vanquished Creatures (others)
  Aizul (Depths:2)
  A yaktaur (Vaults:3)
  A wolf (Depths:3)
  A warg (Depths:3)
  An ice beast (Shoals:4)
  A phantom (D:4)
  2 orc priests (D:4)
  An orc wizard (D:4)
  A hound skeleton (D:4)
  3 white imps (IceCv)
  2 ufetubi (IceCv)
  A giant gecko (D:4)
  An orc (D:4)
  2 bushes
  86 fungi
  51 plants
  18 tentacles
  779 tentacle segments
953 creatures vanquished.

Grand Total: 3031 creatures vanquished

Notes
Turn   | Place    | Note
--------------------------------------------------------------
     0 | D:1      | HungrySpirit the Centaur Arcane Marksman began the quest for the Orb.
     0 | D:1      | Reached XP level 1. HP: 16/16 MP: 2/2
   130 | D:1      | Reached skill level 3 in Bows
   271 | D:1      | Reached XP level 2. HP: 23/23 MP: 3/3
   433 | D:1      | Reached skill level 4 in Bows
  1164 | D:1      | Reached XP level 3. HP: 25/28 MP: 4/4
  1884 | D:2      | Reached skill level 5 in Bows
  2437 | D:2      | Reached XP level 4. HP: 28/35 MP: 5/5
  3394 | D:3      | Reached skill level 6 in Bows
  3451 | D:3      | Reached skill level 1 in Short Blades
  3944 | D:3      | Found a sacrificial altar of Ru.
  4017 | D:3      | Reached XP level 5. HP: 40/40 MP: 6/6
  4532 | D:4      | Noticed an orc warrior
  4589 | D:4      | Reached skill level 7 in Bows
  5189 | D:4      | Reached XP level 6. HP: 34/47 MP: 7/7
  5397 | D:4      | Reached skill level 8 in Bows
  5717 | D:4      | Killed an orc warrior
  5872 | D:4      | Reached XP level 7. HP: 39/56 MP: 8/8
  5950 | D:4      | Reached skill level 9 in Bows
  6452 | D:4      | Found a staircase to the Ecumenical Temple.
  6548 | Temple   | Entered the Ecumenical Temple
  6563 | Temple   | Became a worshipper of Warmaster Okawaru
  6695 | D:4      | Found Suytusuu's Book Boutique.
  7194 | D:4      | Found a snail-covered altar of Cheibriados.
  7299 | D:5      | Entered Level 5 of the Dungeon
  7361 | D:5      | Reached skill level 10 in Bows
  7384 | D:5      | Found an opulent altar of Gozag.
  7889 | D:5      | Reached skill level 1 in Armour
  7889 | D:5      | Reached XP level 8. HP: 38/66 MP: 9/9
  8425 | D:5      | Reached skill level 11 in Bows
  8489 | D:5      | Found a bloodstained altar of Trog.
  8843 | D:6      | Found a burning altar of Makhleb.
  8843 | D:6      | Found a radiant altar of Vehumet.
  9161 | D:6      | Reached * piety under Okawaru
  9755 | D:6      | Reached skill level 5 in Fighting
  9755 | D:6      | Reached skill level 12 in Bows
 10031 | D:6      | Reached XP level 9. HP: 74/74 MP: 10/10
 10621 | D:7      | Found Akaqaq's Antique Armour Shop.
 10633 | D:7      | Bought an embroidered cloak for 117 gold pieces
 10749 | D:7      | Found a glowing silver altar of Zin.
 10749 | D:7      | Noticed an angel
 10879 | D:7      | Noticed chonchonts's ghost (novice MiFi)
 11119 | D:7      | Reached ** piety under Okawaru
 11156 | D:7      | Found a deep blue altar of Sif Muna.
 11884 | D:8      | Found a basalt altar of Yredelemnul.
 12042 | D:8      | Reached skill level 13 in Bows
 12182 | D:8      | Reached *** piety under Okawaru
 12286 | D:8      | Noticed Prince Ribbit
 12301 | D:8      | Killed Prince Ribbit
 12301 | D:8      | Reached skill level 14 in Bows
 12301 | D:8      | Reached XP level 10. HP: 60/84 MP: 11/11
 12660 | D:8      | Noticed a green ugly thing
 13712 | D:9      | Found a white marble altar of Elyvilon.
 14188 | D:8      | Reached skill level 1 in Maces & Flails
 14780 | D:9      | Reached **** piety under Okawaru
 15238 | D:8      | Received a gift from Okawaru
 15560 | D:9      | Reached skill level 15 in Bows
 15927 | D:10     | Entered Level 10 of the Dungeon
 16156 | D:10     | Noticed fotsohgehT's ghost (novice MiMo)
 16191 | D:10     | Reached skill level 5 in Armour
 16596 | D:10     | Killed fotsohgehT's ghost
 16596 | D:10     | Received a gift from Okawaru
 16596 | D:10     | Reached XP level 11. HP: 75/94 MP: 12/12
 16700 | D:10     | Noticed Urug
 16988 | D:10     | Killed Urug
 17193 | D:10     | Received a gift from Okawaru
 17647 | D:11     | Found a staircase to the Lair.
 17758 | D:11     | Noticed a hill giant
 17792 | D:11     | Killed a hill giant
 17901 | D:11     | Reached skill level 16 in Bows
 18160 | D:11     | Reached ***** piety under Okawaru
 18401 | Lair:1   | Entered Level 1 of the Lair of Beasts
 18605 | Lair:1   | Received a gift from Okawaru
 19433 | Lair:1   | Reached skill level 5 in Maces & Flails
 19650 | Lair:1   | Noticed a four-headed hydra
 19666 | Lair:1   | Killed a four-headed hydra
 20303 | Lair:1   | Received a gift from Okawaru
 20303 | Lair:1   | Reached skill level 17 in Bows
 20303 | Lair:1   | Reached XP level 12. HP: 88/104 MP: 10/13
 20396 | Lair:1   | Noticed Sonja
 20402 | Lair:1   | Noticed a six-headed hydra
 20647 | Lair:1   | Killed Sonja
 20786 | Lair:1   | Identified a scroll of acquirement
 21286 | Lair:2   | Noticed an eight-headed hydra
 21289 | Lair:2   | Killed an eight-headed hydra
 21349 | Lair:2   | Gained mutation: You possess an exceptional clarity of mind. [potion of mutation]
 21349 | Lair:2   | Gained mutation: You are resistant to electric shocks. [potion of mutation]
 21349 | Lair:2   | Gained mutation: You are weak. (Str -2) [potion of mutation]
 22106 | Lair:2   | Received a gift from Okawaru
 23251 | Lair:2   | Received a gift from Okawaru
 23366 | Lair:3   | Reached skill level 18 in Bows
 23608 | Lair:3   | Reached skill level 10 in Fighting
 25543 | Lair:4   | Reached XP level 13. HP: 114/114 MP: 14/14
 25903 | Lair:4   | Noticed a naga warrior
 25956 | Lair:4   | Killed a naga warrior
 25985 | Lair:4   | Found a staircase to the Snake Pit.
 26285 | Lair:4   | Reached skill level 19 in Bows
 27524 | Lair:6   | Received a gift from Okawaru
 27670 | Lair:6   | Found a staircase to the Shoals.
 27771 | Lair:6   | Received a gift from Okawaru
 27895 | Lair:6   | Reached skill level 1 in Shields
 28115 | Lair:6   | Received a gift from Okawaru
 28745 | Lair:6   | Received a gift from Okawaru
 29056 | Lair:7   | Reached skill level 20 in Bows
 29765 | Lair:7   | Found a staircase to the Slime Pits.
 30090 | Lair:7   | Found an opulent altar of Gozag.
 30254 | Lair:7   | Received a gift from Okawaru
 30254 | Lair:7   | Reached XP level 14. HP: 124/124 MP: 15/15
 30865 | Lair:8   | Entered Level 8 of the Lair of Beasts
 31626 | Lair:8   | Received a gift from Okawaru
 32920 | Lair:8   | Received a gift from Okawaru
 33147 | Lair:8   | Received a gift from Okawaru
 33299 | Lair:8   | Reached ****** piety under Okawaru
 33308 | Lair:8   | Reached skill level 21 in Bows
 35070 | D:12     | Found a runed door.
 35222 | D:12     | Killed an unseen horror
 35361 | D:12     | Noticed an eight-headed hydra
 35367 | D:12     | Killed an eight-headed hydra
 35367 | D:12     | Received a gift from Okawaru
 35451 | D:12     | Found Xiciucum's Armour Emporium.
 35454 | D:12     | Found a staircase to the Orcish Mines.
 35467 | D:12     | Found Zuisen's Weapon Emporium.
 35649 | D:12     | Noticed a centaur warrior
 35655 | D:12     | Killed a centaur warrior
 35931 | D:12     | Noticed a centaur warrior
 35936 | D:12     | Killed a centaur warrior
 35936 | D:12     | Reached XP level 15. HP: 123/134 MP: 16/16
 35966 | D:12     | Noticed a fire dragon
 35977 | D:12     | Killed a fire dragon
 35984 | D:12     | Noticed a flayed ghost
 35987 | D:12     | Killed a flayed ghost
 35994 | D:12     | Noticed an ettin
 36098 | D:12     | Killed an ettin
 36509 | D:12     | Received a gift from Okawaru
 36805 | D:12     | Noticed a wizard
 36805 | D:12     | Noticed a deep troll earth mage
 36805 | D:12     | Noticed a hill giant
 36830 | D:12     | Killed a hill giant
 36830 | D:12     | Reached skill level 5 in Shields
 36840 | D:12     | Killed a deep troll earth mage
 36854 | D:12     | Killed a wizard
 36854 | D:12     | Received a gift from Okawaru
 37153 | Orc:1    | Entered Level 1 of the Orcish Mines
 37153 | Orc:1    | Found a roughly hewn altar of Beogh.
 37432 | Orc:2    | Noticed Gravenous's ghost (journeyman OpIE)
 39680 | Orc:2    | Reached skill level 22 in Bows
 40480 | Orc:3    | Noticed Nergalle
 40674 | Orc:2    | Killed Nergalle
 40961 | Orc:4    | Entered Level 4 of the Orcish Mines
 40961 | Orc:4    | Noticed Snorg
 40994 | Orc:3    | Killed Snorg
 41036 | Orc:4    | Found Wuridghehupt's Antique Weapon Boutique.
 41218 | Orc:4    | Paralysed by an orc sorcerer for 7 turns
 41517 | Orc:4    | Found a roughly hewn altar of Beogh.
 41807 | Orc:4    | Found a staircase to the Elven Halls.
 42388 | Orc:4    | Received a gift from Okawaru
 42499 | Orc:4    | Found Wigheq's Magic Scroll Shop.
 42499 | Orc:4    | Found Yrosash's Antique Weapon Shop.
 42501 | Orc:4    | Found Maall's Book Shoppe.
 42501 | Orc:4    | Found Guwnuj's Distillery.
 42597 | Orc:4    | Found a roughly hewn altar of Beogh.
 42627 | Orc:4    | Bought a smoking morningstar for 189 gold pieces
 42627 | Orc:4    | Identified the +1 morningstar of Righteous Anger {holy, *Rage +Rage MP+9 Dex+4} (You bought it in a shop on level 4 of the Orcish Mines)
 43026 | Elf:1    | Entered Level 1 of the Elven Halls
 43027 | Elf:1    | Upgraded the game from 0.17.0-25-gefc9c12 to 0.17.0-26-gececa24
 43638 | Elf:1    | Reached skill level 10 in Armour
 43641 | Elf:1    | Received a gift from Okawaru
 43655 | Elf:1    | Got a faintly glowing shortbow {god gift}
 43656 | Elf:1    | Identified the +1 shortbow of Quick Death {venom, Str+3 SInv} (Okawaru gifted it to you on level 1 of the Elven Halls)
 43923 | Elf:1    | Found Nudwog's Jewellery Boutique.
 43929 | Elf:1    | Bought an uncursed ring of ice for 375 gold pieces
 44431 | Elf:1    | Reached XP level 16. HP: 115/144 MP: 17/17
 44456 | Elf:1    | Received a gift from Okawaru
 44456 | Elf:1    | Reached skill level 23 in Bows
 44942 | Elf:2    | Found a deep blue altar of Sif Muna.
 45532 | Elf:2    | Found Orissoesch's Elven Fire.
 45770 | Elf:2    | Found a runed gate.
 45770 | Elf:2    | Found a runed gate.
 45770 | Elf:2    | Found a runed gate.
 46173 | Snake:1  | Entered Level 1 of the Snake Pit
 46577 | Snake:1  | Got a polished plate armour
 46578 | Snake:1  | Identified the +3 plate armour "Roge Poa" {MP+9 SInv} (You found it on level 1 of the Snake Pit)
 47129 | Snake:1  | Found a burning altar of Makhleb.
 47143 | Snake:1  | Found Moxigh's Gadget Emporium.
 47162 | Snake:1  | Bought a wand of heal wounds (3) for 672 gold pieces
 47668 | Snake:2  | Received a gift from Okawaru
 49870 | Snake:3  | Found Yrehak's Armour Boutique.
 50274 | Snake:3  | Found Odeim's Gadget Shop.
 50283 | Snake:3  | Bought a wand of disintegration (14) for 234 gold pieces
 50283 | Snake:3  | Bought a wand of digging (4) for 208 gold pieces
 50883 | Snake:3  | Received a gift from Okawaru
 50965 | Snake:3  | Found Daxzea's Food Shop.
 50976 | Snake:3  | Bought a bread ration for 65 gold pieces
 50976 | Snake:3  | Bought a meat ration for 65 gold pieces
 50976 | Snake:3  | Bought a meat ration for 65 gold pieces
 50976 | Snake:3  | Bought a meat ration for 65 gold pieces
 50976 | Snake:3  | Bought a meat ration for 65 gold pieces
 50976 | Snake:3  | Bought a bread ration for 65 gold pieces
 50976 | Snake:3  | Bought a bread ration for 65 gold pieces
 51091 | Snake:3  | Found Pifen's Gadget Boutique.
 51401 | Snake:4  | Entered Level 4 of the Snake Pit
 51420 | Snake:3  | Reached XP level 17. HP: 108/154 MP: 15/18
 51742 | Snake:3  | Received a gift from Okawaru
 53052 | Snake:4  | Got an ancient bone ring
 53053 | Snake:4  | Identified the ring "Zisel" {SustAt MR+ Str-4 Dex+8 Stlth+} (You found it on level 4 of the Snake Pit)
 53195 | Snake:4  | Noticed Vashnia
 53239 | Snake:4  | Killed Vashnia
 53239 | Snake:4  | Reached skill level 24 in Bows
 53242 | Snake:4  | Received a gift from Okawaru
 53887 | Snake:4  | Reached skill level 10 in Maces & Flails
 54251 | Snake:4  | Received a gift from Okawaru
 54454 | Snake:4  | Received a gift from Okawaru
 54608 | Snake:4  | Reached skill level 15 in Fighting
 56252 | Snake:4  | Got a serpentine rune of Zot
 56275 | Snake:4  | Reached XP level 18. HP: 163/163 MP: 19/19
 56576 | Shoals:1 | Entered Level 1 of the Shoals
 57237 | Shoals:2 | Found Umoicvim's Weapon Shoppe.
 57721 | Shoals:2 | Received a gift from Okawaru
 58333 | Shoals:4 | Entered Level 4 of the Shoals
 58412 | Shoals:4 | Noticed Ilsuiw
 58605 | Shoals:4 | Found a frozen archway.
 58614 | IceCv    | Entered an ice cave
 60612 | D:12     | Bought 19 arrows of flame for 114 gold pieces
 60631 | D:13     | Found a blossoming altar of Fedhas.
 61615 | D:13     | Found a gate to the Vaults.
 63071 | D:15     | Entered Level 15 of the Dungeon
 63198 | D:15     | Received a gift from Okawaru
 63295 | D:15     | Noticed Louise
 63306 | D:15     | Killed Louise
 63424 | D:15     | Received a gift from Okawaru
 63627 | D:15     | Found a staircase to the Depths.
 63898 | Vaults:1 | Entered Level 1 of the Vaults
 63927 | Vaults:1 | Received a gift from Okawaru
 64084 | Vaults:1 | Reached XP level 19. HP: 172/172 MP: 20/20
 64519 | Vaults:1 | Reached skill level 25 in Bows
 64607 | Vaults:1 | HP: 1/172 [deep troll[an ironheart preserver] (27)]
 67087 | Vaults:2 | Found Geynupp's Assorted Antiques.
 67090 | Vaults:2 | Bought a potion of heal wounds for 160 gold pieces
 67090 | Vaults:2 | Bought a forked iron wand for 128 gold pieces
 67212 | Vaults:2 | Bought a scroll of magic mapping for 112 gold pieces
 67616 | Vaults:2 | Received a gift from Okawaru
 68569 | Vaults:2 | Received a gift from Okawaru
 68573 | Vaults:2 | Got a transparent hat {god gift}
 68574 | Vaults:2 | Identified the +2 hat of Fortitude {*Confuse rPois MP+9 Int+5} (Okawaru gifted it to you on level 2 of the Vaults)
 70877 | Vaults:3 | Got a pair of twisted gloves
 71137 | Vaults:3 | Identified the cursed +0 pair of gloves "Hoqedid" {*Drain MP+9 Str+3 SInv} (You found it on level 3 of the Vaults)
 71181 | Vaults:3 | Reached XP level 20. HP: 158/182 MP: 21/21
 71961 | Vaults:3 | Found a staircase to the Crypt.
 71961 | Vaults:3 | Found a basalt altar of Yredelemnul.
 71962 | Vaults:3 | Found an ancient bone altar of Kikubaaqudgha.
 72642 | Vaults:4 | Received a gift from Okawaru
 73030 | Vaults:4 | Reached skill level 15 in Maces & Flails
 73288 | Vaults:4 | Received a gift from Okawaru
 74018 | Vaults:4 | Received a gift from Okawaru
 74086 | Vaults:4 | Noticed Sojobo
 74804 | Vaults:4 | Paralysed by a great orb of eyes for 5 turns
 75381 | Vaults:4 | Killed Sojobo
 77747 | Shoals:3 | Received a gift from Okawaru
 78477 | Shoals:3 | Reached XP level 21. HP: 176/192 MP: 22/22
 78520 | Shoals:4 | Killed Ilsuiw
 78527 | Shoals:4 | Received a gift from Okawaru
 79114 | Shoals:4 | Received a gift from Okawaru
 79415 | Shoals:4 | Got a sparkling ivory amulet
 79418 | Shoals:4 | Identified the amulet of Hard Scrabble {Faith *Contam rF+ rC+ MR+} (You found it on level 4 of the Shoals)
 79542 | Shoals:4 | Got a barnacled rune of Zot
 80031 | Depths:1 | Entered Level 1 of the Depths
 80730 | Depths:1 | Found a one-way gate to the infinite horrors of the Abyss.
 80865 | Depths:1 | Found a runed warning-scrawled door.
 80958 | Depths:1 | Found a one-way gate leading to the halls of Pandemonium.
 81038 | Depths:1 | Found a gateway to Hell.
 81360 | Depths:1 | Received a gift from Okawaru
 81476 | Depths:1 | Found a runed door.
 81478 | Depths:1 | Found a runed door.
 81615 | Depths:1 | Found a portal to a secret trove of treasure.
 81766 | Depths:1 | You paid a toll of a wand of heal wounds (9) to enter a treasure trove
 81767 | Trove    | Entered a treasure trove
 81786 | Trove    | Got a faintly glowing longbow
 81787 | Trove    | Identified the +1 longbow "Wato" {venom, rPois} (You found it in a treasure trove)
 81890 | Depths:2 | Found Oxeqor's Jewellery Emporium.
 81898 | Depths:2 | Bought an uncursed ring of protection from cold for 475 gold pieces
 81942 | Depths:2 | Noticed Aizul
 82059 | Depths:2 | Killed Aizul
 83741 | Depths:2 | Found a shimmering altar of Xom.
 83914 | Depths:2 | Received a gift from Okawaru
 84122 | Depths:2 | Got a pair of distressingly furry gloves {god gift}
 84124 | Depths:2 | Identified the -5 pair of gloves of Brilliance {+Blink} (Okawaru gifted it to you on level 2 of the Depths)
 84164 | Depths:2 | Noticed Wiglaf
 84397 | Depths:2 | Killed Wiglaf
 84475 | Depths:2 | Reached XP level 22. HP: 143/203 MP: 23/23
 84591 | Depths:2 | Found an iron altar of Okawaru.
 86439 | Depths:4 | Killed from afar by a lich

Action                   |  1- 3 |  4- 6 |  7- 9 | 10-12 | 13-15 | 16-18 | 19-21 | 22-24 || total
-------------------------+-------+-------+-------+-------+-------+-------+-------+-------++-------
Melee: Unarmed           |    27 |       |    50 |       |       |       |       |       ||    77
       Short sword       |   160 |    81 |       |       |       |       |       |       ||   241
       Dagger            |       |    42 |   605 |    46 |       |       |       |       ||   693
       Flail             |       |       |       |   688 |   861 |   229 |    14 |       ||  1792
       Longbow           |       |       |       |       |     1 |       |     2 |       ||     3
       Dire flail        |       |       |       |       |       |       |    29 |       ||    29
 Fire: Shortbow          |    44 |   166 |   258 |   435 |       |       |       |       ||   903
       Longbow           |       |       |       |   144 |  1395 |  2014 |  2235 |   239 ||  6027
Invok: Heroism           |       |       |       |    14 |    17 |    20 |    11 |     2 ||    64
       Finesse           |       |       |       |       |       |     2 |     3 |       ||     5
Evoke: Wand              |       |       |       |     5 |       |     1 |     7 |     1 ||    14
  Use: Scroll            |     3 |       |    15 |    20 |    10 |    20 |    21 |     3 ||    92
       Potion            |       |       |     1 |     2 |     1 |     6 |     3 |       ||    13
 Stab: Invisible         |       |       |       |       |     1 |       |       |       ||     1
  Eat: Chunk             |     4 |     5 |    10 |    28 |    43 |    17 |    18 |     4 ||   129
       Fruit             |       |     5 |     6 |       |     6 |     5 |       |     2 ||    24
       Royal jelly       |       |       |     1 |       |       |     1 |       |       ||     2
       Meat ration       |       |       |       |     2 |       |     5 |     7 |       ||    14
       Beef jerky        |       |       |       |       |     2 |     3 |       |       ||     5
       Pizza             |       |       |       |       |       |       |     1 |       ||     1
